Workbook
Name AA: #REF!
Name Answers_to_Template4_Q: #REF!
Name Answers_to_Template4_Q: #REF!
Name Cost_Changes: #REF!
Name Cost_Changes: #REF!
Name EE: #REF!
Name Names_cells: #REF!
Name Names_cells: #REF!
Name QQ: #REF!
Name RR: #REF!
Name SS: #REF!
Name TOTAL_E: #REF!
Name TOTAL_E: #REF!
Name TOTAL_I: #REF!
Name TOTAL_I: #REF!
Name TOTAL_M: #REF!
Name TOTAL_M: #REF!
Name TT: #REF!
Name WW: #REF!
Name XX: #REF!
Name Years: #REF!
Name Years: #REF!
Name YY: #REF!

Sheet COVER SHEET
J2: ANNEXURE A3
A14: PRICING SUBMISSION
A17: RFP NO: | E17: PRSA-BID/2022/23/01
A19: RFP NAME: | E19: APPOINTMENT OF A TRAVEL MANAGEMENT SERVICE PROVIDER FOR A PERIOD OF THREE (3) YEARS FOR THE PORTS REGULATOR OF SOUTH AFRICA
A21: BIDDER NAME | E21: <NAME OF BIDDER TO BE FILLED IN HERE>
A24: PRICE INSTRUCTIONS
A26: 1. STRUCTURE OF THE TENDER
A27: This spreadsheet for RFP/BID PRSA-BID/2022/23/01 contains the financial response templates for the bid. The bid pricing submission instructions in this document must be read in conjunction with instructions or notes embedded in the various tabs of spreadsheet (Pricing Schedule).
A29: 2. GENERAL INSTRUCTIONS FOR COMPLETING THE PRICING SCHEDULE TEMPLATES
A30: 2.1 Tender submission format
A31: 2.1.1 Bidders must submit a paper copy and an electronic copy of the Pricing Schedule. In the event of a discrepancy, the paper copy will prevail.
A32: 2.1.2 Bidders must sign all paper copies of their Pricing Schedule.
A33: 2.1.3 Bidders must complete and submit the templates attached ,which is/are transactional fee model and offsite
A35: 2.2 Input spreadsheets
A36: 2.2.1 The Pricing Schedule templates are contained within the one (1) Excel Workbook
A37: 2.2.2 Bidders must not make any changes to the spreadsheets or change the formatting of the Pricing Schedule.
A38: 2.2.3 Cells are formatted to automatically indicate South African Rands, ordinary text fields and percentages (%) where applicable.
... A45: 2.3.3 The Pricing Schedule template is designed such that VAT (15% VAT) will be calculated on Bidders’ input pricing; therefore Bidders must complete the templates with unit prices excluding VAT.

Sheet TRANSACTION FEE OFFSITE 
C1: TEMPLATE 2: TRANSACTION FEE MODEL
C4: OFF-SITE SERVICES
A7: RFP NO: | C7: PRSA-BID/2022/23/01
A8: RFP NAME: | C8: APPOINTMENT OF A TRAVEL MANAGEMENT SERVICE PROVIDER FOR A PERIOD OF THREE (3) YEARS FOR THE PORTS REGULATOR OF SOUTH AFRICA
A9: BIDDER NAME | C9: ='COVER SHEET'!$E21 -> <NAME OF BIDDER TO BE FILLED IN HERE>
A11: 1.1 TRANSACTION FEES
D12: ONLINE BOOKINGS
A13: ITEM | B13: Transaction Type | C13: Estimated Volume | D13: Unit Price (excl VAT) | E13: Unit Price (incl VAT) | F13: TOTAL Price (incl VAT)
A14: 1 | B14: Air Travel – International | C14: 20 | E14: 0 | F14: 0
A15: 2 | B15: Air Travel – Regional | C15: 20 | E15: =D15*1.15 -> 0 | F15: =E15*C15 -> 0
A16: 3 | B16: Air Travel – Domestic | C16: 1600 | E16: =D16*1.15 -> 0 | F16: =E16*C16 -> 0
A17: 4 | B17: Air Travel – International (Re-issue) | C17: 10 | E17: =D17*1.15 -> 0 | F17: =E17*C17 -> 0
A18: 5 | B18: Air Travel – Regional (Re-issue) | C18: 10 | E18: =D18*1.15 -> 0 | F18: =E18*C18 -> 0
A19: 6 | B19: Air Travel – Domestic (Re-issue) | C19: 100 | E19: =D19*1.15 -> 0 | F19: =E19*C19 -> 0
A20: 7 | B20: Refunds – Air Domestic | C20: 100 | E20: =D20*1.15 -> 0 | F20: =E20*C20 -> 0
A21: 8 | B21: Refunds – Air Regional | C21: 10 | E21: =D21*1.15 -> 0 | F21: =E21*C21 -> 0
A22: 9 | B22: Refunds – Air International | C22: 10 | E22: =D22*1.15 -> 0 | F22: =E22*C22 -> 0
A23: 10 | B23: Car Rental – Domestic | C23: 900 | E23: =D23*1.15 -> 0 | F23: =E23*C23 -> 0
A24: 11 | B24: Car Rental – Regional | C24: 0 | E24: =D24*1.15 -> 0 | F24: =E24*C24 -> 0
A25: 12 | B25: Car Rental – International | C25: 0 | E25: =D25*1.15 -> 0 | F25: =E25*C25 -> 0
A26: 13 | B26: Transfers/Shuttle – Domestic | C26: 300 | E26: =D26*1.15 -> 0 | F26: =E26*C26 -> 0
... A44: 31 | B44: Debtors Account Reconciliation | C44: 40 | E44: =D44*1.15 -> 0 | F44: =E44*C44 -> 0
A45: 32 | B45: Other (Specify) | E45: =D45*1.15 -> 0 | F45: =E45*C45 -> 0
A46: 33 | B46: Other (Specify) | E46: =D46*1.15 -> 0 | F46: =E46*C46 -> 0
A47: 34 | B47: Other (Specify) | E47: =D47*1.15 -> 0 | F47: =E47*C47 -> 0
A48: 35 | B48: Other (Specify) | E48: =D48*1.15 -> 0 | F48: =E48*C48 -> 0
A49: 36 | B49: Other (Specify) | E49: =D49*1.15 -> 0 | F49: =E49*C49 -> 0
A50: 37 | B50: Other (Specify) | E50: =D50*1.15 -> 0 | F50: =E50*C50 -> 0
B51: Total | C51: =SUM(C14:C50) -> 7190 | D51: =SUM(D14:D50) -> 0 | E51: =SUM(E14:E50) -> 0 | F51: =SUM(F14:F50) -> 0
A53: 1.2 CONFERENCE TRANSACTION FEE
A54: Item | B54: Description | C54: Percentage Fee
A55: 1 | B55: Conference Transaction Fee (as a % of the Total turnover of the event)

Sheet Price Declaration 
A8: RFP NO: | C8: ='COVER SHEET'!$E$17 -> PRSA-BID/2022/23/01
A9: RFP NAME: | C9: ='COVER SHEET'!$E$19 -> APPOINTMENT OF A TRAVEL MANAGEMENT SERVICE PROVIDER FOR A PERIOD OF THREE (3) YEARS FOR THE PORTS REGULATOR OF SOUTH AFRICA
A10: BIDDER NAME | C10: ='COVER SHEET'!$E$21 -> <NAME OF BIDDER TO BE FILLED IN HERE>
A13: Price Declaration
A14: Dear Sir/Madam,
A16: Having read through and examined the Request For Proposal (RFP) Document, the General Conditions, The Requirement and all other Annexures to the RFP Document, we offer to provide OFF-SITE travel management service to the [PORTS REGULATOR OF SOUTH AFRICA] at the following total amounts (including VAT)
A18: Template 2: Transaction Fee (Off-Site)
A19: ='TRANSACTION FEE OFFSITE '!F51 -> 0 | C19: (incl. VAT)
A20: In words:
A23: We undertake to hold this offer open for acceptance for a period of 120 days from the date of submission of offers. We further undertake that upon final acceptance of our offer, we will commence with the provision of service when required to do so by the [PORTS REGULATOR OF SOUTH AFRICA]
A25: We understand that [PORTS REGULATOR OF SOUTH AFRICA] are not bound to accept the lowest or any offer and that we must bear all costs which we have incurred in connection with preparing and submitting this bid.
A27: We hereby undertake for the period during which this bid remains open for acceptance not to divulge to any persons, other than the persons to which the bid is submitted, any information relating to the submission of this bid or the details therein except where such is necessary for the submission of this bid.
A29: Signature | E29: Date
A30: Print name of signatory: …………………………………………………………………………….
A31: Designation: ………………………………………………………………………………………….
A33: FOR AND ON BEHALF OF: COMPANY NAME
A35: Tel No: ……………………………………….
A36: Fax No: ……………………………………….
A37: Cell No: ……………………………………….
A38: Email:………………………………………….
